 Dungeon Crawl Stone Soup version 0.30.0-15-g856e2d3f33 (webtiles) character file.

Game seed: 2152399516310898336

790 jagang the Ducker (level 7, -6/53 HPs)
             Began as a Demigod Fire Elementalist on May 17, 2023.
             Mangled by a two-headed ogre
             ... wielding a +0 giant spiked club
              (18 damage)
             ... on level 5 of the Dungeon on May 18, 2023.
             The game lasted 00:16:22 (5387 turns).

jagang the Ducker (Demigod Fire Elementalist)       Turns: 5387, Time: 00:16:23

Health: -6/53      AC:  6    Str:  9    XL:     7   Next: 31%
Magic:  14/14      EV: 12    Int: 25    God:
Gold:   188        SH:  3    Dex: 14    Spells: 9/12 levels left

rFire   . . .        o - +2 whip of Pandemonium {heavy, rElec SInv}
rCold   . . .        t - +0 buckler
rNeg    . . .        n - +0 leather armour
rPois   .            i - +2 helmet
rElec   +            (no cloak)
rCorr   .            (no gloves)
SInv    +            (no boots)
Will    .....        (no amulet)
Stlth   ++           (no ring)
HPRegen 0.28/turn    (no ring)
MPRegen 0.14/turn

%: no passive effects
@: no status effects
A: high MP 1, forlorn, divine attributes
a: no special abilities


You were on level 5 of the Dungeon.
You visited 1 branch of the dungeon, and saw 5 of its levels.

You collected 188 gold pieces.

Inventory:

Hand Weapons
 d - a +2 short sword of freezing
 k - a +2 dagger of venom
 o - the +2 whip of Pandemonium (weapon) {heavy, rElec SInv}
   (You found it on level 3 of the Dungeon)

   rElec:     It insulates you from electricity.
   SInv:      It lets you see invisible.
 r - a +4 flail
Armour
 a - a +0 robe
 i - a +2 helmet (worn)
 n - a +0 leather armour (worn)
 t - a +0 buckler (worn)
Wands
 A - a wand of flame (41)
Scrolls
 f - 3 scrolls of blinking {unknown}
 g - 5 scrolls of identify {unknown}
 h - 3 scrolls of fear {unknown}
 j - 3 scrolls of brand weapon {unknown}
 m - 2 scrolls of noise {unknown}
 s - a scroll of fog {unknown}
 v - a scroll of immolation {unknown}
 x - a scroll of enchant armour {unknown}
 y - a scroll of acquirement {unknown}
 B - a scroll of silence {unknown}
 D - a scroll of vulnerability {unknown}
Potions
 b - a potion of magic
 c - 3 potions of brilliance {unknown}
 e - 4 potions of flight {unknown}
 l - 2 potions of attraction {unknown}
 p - 2 potions of resistance {unknown}
 q - 2 potions of berserk rage {unknown}
 u - a potion of heal wounds {unknown}
 w - a potion of lignification {unknown}
 z - a potion of ambrosia {unknown}
 C - 3 potions of mutation {unknown}


   Skills:
 - Level 1.7 Fighting
 + Level 1.9 Maces & Flails
 + Level 2.4 Armour
 * Level 4.3 Dodging
 - Level 2.0 Stealth
 + Level 3.1 Spellcasting
 + Level 2.8 Conjurations
 + Level 3.9 Fire Magic


You had 9 spell levels left.
You knew the following spells:

 Your Spells              Type           Power      Damage    Failure   Level
a - Foxfire               Conj/Fire      84%        2x1d8     5%          1
b - Scorch                Fire           46%        2d7       6%          2

Your spell library contained the following spells:

 Spells                   Type           Power      Damage    Failure   Level
 Sandblast                Erth           6%         2d5       22%         1
 Inner Flame              Hex/Fire       13%        N/A       28%         3
 Volatile Blastmotes      Fire/Tloc      26%        2d12      28%         3
 Cigotuvi's Dreadful Rot  Necr/Pois/Air  6%         N/A       32%         2
 Passwall                 Tmut/Erth      2%         N/A       32%         2
 Stone Arrow              Conj/Erth      22%        3d8       34%         3
 Flame Wave               Conj/Fire      21%        2d8       45%         4
 Dispel Undead            Necr           3%         3d7       91%         4
 Death Channel            Necr           1%         N/A       100%        6


Dungeon Overview and Level Annotations

Branches:
Dungeon (5/15)
 Temple: D:4-7


Innate Abilities, Weirdness & Mutations

You have an increased reservoir of magic. (+10% MP)
You shall have no god before yourself.
Your divine heritage dramatically boosts your attributes as you level up.


Message History

The ice beast is moderately wounded.
The ice beast closely misses you. The ice beast barely misses you.
You hit the ice beast.
The ice beast is heavily wounded.
The ice beast barely misses you.
You barely miss the ice beast.
The ice beast is heavily wounded.
The ice beast hits you but does no damage.
The ice beast misses you.
You hit the ice beast.
The ice beast is severely wounded.
The ice beast barely misses you. The ice beast closely misses you.
You whack the ice beast!
The ice beast is almost dead.
You block the ice beast's attack.
You hit the ice beast.
You kill the ice beast!
h - 3 scrolls labelled ZAOSEO NIPPIE (gained 1)
D - a scroll labelled FAPHES JUORO You conjure some foxfire!
Your foxfire dissipates!
Found a ring mail.
You see here a +0 ring mail.
A two-headed ogre comes into view.
It is wielding a +0 giant spiked club and a +0 giant club.
The two-headed ogre shouts in stereo!
The two-headed ogre attacks as you move away!
The two-headed ogre barely misses you.
The two-headed ogre hits you with a +0 giant club!
You conjure some foxfire!
Your foxfire dissipates!
The foxfire hits the two-headed ogre.
The two-headed ogre is lightly wounded.
The two-headed ogre attacks as you move away!
The two-headed ogre closely misses you.
The two-headed ogre hits you with a +0 giant club!
The two-headed ogre attacks as you move away!
The two-headed ogre hits you with a +0 giant spiked club!!
* * * LOW HITPOINT WARNING * * *
The two-headed ogre hits you with a +0 giant club!!
You die...

#. ##.#######
#........#
##.#####.# #.
#.# #. #.# #.
#.# #.
#O#############
#.
#.@........[..#
#.
#############.#
#.# #.# #.# #.#
#.# #.# #.#


You could see a two-headed ogre.

Vanquished Creatures
  Sigmund (D:3)
  An ice beast (D:5)
  An ogre (D:4)
  2 hounds (D:4)
  A jelly (D:5)
  Jessica (D:3)
  Ijyb (D:5)
  2 iguanas
  3 orc wizards (D:4)
  6 gnolls
  4 adders
  A worm (D:3)
  2 dart slugs
  5 orcs
  6 bats
  4 endoplasms
  5 giant cockroaches
  5 goblins
  7 hobgoblins
  A quokka (D:2)
  4 ball pythons
  4 frilled lizards
  3 kobolds
  24 rats
94 creatures vanquished.

Vanquished Creatures (others)
  360 foxfires
360 creatures vanquished.

Grand Total: 454 creatures vanquished

Notes
Turn   | Place    | Note
-------+----------+-------------------------------------------
     0 | D:1      | jagang the Demigod Fire Elementalist began the quest for
                  | the Orb.
     0 | D:1      | Reached XP level 1. HP: 14/14 MP: 5/5
   102 | D:1      | Reached skill level 1 in Conjurations
   331 | D:1      | Reached skill level 2 in Dodging
   373 | D:1      | Reached XP level 2. HP: 14/20 MP: 1/7
  1660 | D:2      | Reached XP level 3. HP: 26/26 MP: 4/8
  1824 | D:2      | Upgraded the game from 0.30.0-13-g156ef70053 to
                  | 0.30.0-15-g856e2d3f33
  2335 | D:3      | Noticed Jessica
  2338 | D:3      | Killed Jessica
  2339 | D:3      | Reached skill level 1 in Armour
  2339 | D:3      | Reached XP level 4. HP: 33/33 MP: 0/10
  2616 | D:3      | Identified the +2 whip of Pandemonium {heavy, rElec SInv}
  2664 | D:3      | Noticed Sigmund
  2670 | D:3      | Reached skill level 3 in Dodging
  2919 | D:4      | Reached XP level 5. HP: 38/38 MP: 2/11
  3702 | D:4      | Reached XP level 6. HP: 46/46 MP: 8/13
  4105 | D:3      | Learned a level 2 spell: Scorch
  4517 | D:3      | Killed Sigmund
  4518 | D:3      | Reached skill level 1 in Fighting
  4518 | D:3      | Reached skill level 1 in Maces & Flails
  4518 | D:3      | Reached skill level 4 in Dodging
  4530 | D:5      | Entered Level 5 of the Dungeon
  4748 | D:4      | Reached XP level 7. HP: 47/53 MP: 10/14
  5096 | D:5      | Noticed Ijyb
  5105 | D:5      | Killed Ijyb
  5373 | D:5      | Noticed a two-headed ogre
  5387 | D:5      | Mangled by a two-headed ogre

Illustrated notes

Levels and vault maps discovered:
D:1:      noname_arrival_rooms_in_the_neighbourhood, layout_basic
D:2:      layout_basic, minmay_rat_hole
D:3:      layout_basic, nicolae_uskayaw_dance_hall, uniq_jessica, uniq_sigmund
D:4:      layout_loops_ring, nicolae_wu_jian_glorious_leap
D:5:      layout_basic, nemelex_xobeh_ov_fountains_minmay, marbit_many_paths,
          lemuel_tele_altar, serial_shops, nicolae_shop_waterfront,
          minivault_23, uniq_ijyb

Skill      XL: |  1  2  3  4  5  6  7 |
---------------+----------------------+-----
Conjurations   | 1 2 |  2.8
Stealth        | 2 |  2.0
Dodging        | 2 3 4 |  4.3
Spellcasting   | 2 3 |  3.1
Fire Magic     | 3 |  3.9
Armour         | 1 2 |  2.4
Fighting       | 1 |  1.7
Maces & Flails | 1 |  1.9

Action                     |  1- 3 |  4- 6 |  7- 9 || total
---------------------------+-------+-------+-------++-------
  Melee: Short sword       |    25 |     1 |       ||    26
         Whip              |       |    15 |     9 ||    24
   Cast: Foxfire           |   110 |   139 |    36 ||   285
 Armour: Robe              |     7 |       |       ||     7
         Leather armour    |       |     8 |     5 ||    13
  Dodge: Dodged            |    18 |    23 |    17 ||    58
  Block: Buckler           |       |       |     2 ||     2
